 Dungeon Crawl Stone Soup version 0.26-a0-712-ga5a9c9c9d0 (webtiles) character file.

Game seed: 10066093520898048894

3 FrothyCoffee the Ruffian (level 1, 0/18 HPs)
             Began as a Naga Transmuter on Nov 10, 2020.
             Succumbed to an adder's poison
             ... on level 2 of the Dungeon.
             The game lasted 00:00:56 (102 turns).

FrothyCoffee the Ruffian (Naga Transmuter)           Turns: 102, Time: 00:00:57

Health: 0/18       AC:  1    Str: 12    XL:     1   Next: 50%
Magic:  2/3        EV: 10    Int: 13    God:
Gold:   0          SH:  0    Dex: 11    Spells: 3/4 levels left

rFire    . . .     SeeInvis +     - Unarmed
rCold    . . .     Faith    .   (no shield)
rNeg     . . .     Spirit   .   a - +0 robe
rPois    +         Reflect  .   (helmet currently unavailable)
rElec    .         Harm     .   (no cloak)
rCorr    .         Rampage  .   (no gloves)
MR       .....                  (no barding)
Stlth    +.........             (no amulet)
HPRegen  0.06/turn              (no ring)
MPRegen  0.08/turn              (no ring)

@: lethally poisoned (0 -> -4), appendages (expiring), very slow
A: large, horns 2, see invisible, deformed body, poison resistance, slowness 2,
spit poison 1, AC +0
a: Spit Poison, End Transformation


You were on level 2 of the Dungeon.
You had grown temporary horns.
You visited 1 branch of the dungeon, and saw 2 of its levels.

Inventory:

Armour
 a - a +0 robe (worn)
 b - a +0 cloak
Jewellery
 c - a cursed ring of teleportation {unknown}


   Skills:
 + Level 1.1 Fighting
 - Level 1.5 Dodging
 - Level 3.0 Unarmed Combat
 - Level 2.0 Spellcasting
 * Level 2.2 Transmutations


You had 3 spell levels left.
You knew the following spells:

 Your Spells              Type           Power        Failure   Level
a - Beastly Appendage     Tmut           #.....       11%         1

Your spell library contained the following spells:

 Spells                   Type           Power        Failure   Level
 Wereblood                Tmut           #.......     16%         2
 Spider Form              Tmut/Pois      #.........   43%         3
 Ice Form                 Ice/Tmut       #.......     85%         4
 Blade Hands              Tmut           #.........   96%         5


Dungeon Overview and Level Annotations

Branches:
Dungeon (1/15)

Altars:


Innate Abilities, Weirdness & Mutations

You cannot wear boots.
Your serpentine skin is tough. (AC +0)
You have supernaturally acute eyesight. (SInv)
Armour fits poorly on your strangely shaped body.
Your system is resistant to poisons. (rPois)
You cover ground very slowly.
You can spit poison.
You have a pair of horns on your head.


Message History

You closely miss the adder.
The adder is severely wounded.
The ball python closely misses you. The adder bites you.
* * * LOW HITPOINT WARNING * * *
You are lethally poisoned!
The adder poisons you!
You miss the adder.
The adder is severely wounded.
* * * LOW HITPOINT WARNING * * *
You feel sick. The ball python bites you.
* * * LOW HITPOINT WARNING * * *
The adder bites you but does no damage.
You miss the adder.
The adder is severely wounded.
You have got your breath back.
The adder looks more healthy.
The ball python misses you. The adder bites you.
* * * LOW HITPOINT WARNING * * *
You barely miss the adder.
The adder is almost dead.
You die...

## ≈# ... #. ≈≈
.... #.. #≈
...$ #...#≈
...# #...#≈
##..#
#.....####....#
#....SS..[....#
#.....@....#
#########.##
#.# #.# #.# #.#
#.# ##.# ##..#


You could see an adder and a ball python.

Vanquished Creatures
  A bat (D:1)
  A giant cockroach (D:1)
  A frilled lizard (D:2)
3 creatures vanquished.

Notes
Turn   | Place    | Note
-------+----------+-------------------------------------------
     0 | D:1      | FrothyCoffee the Naga Transmuter began the quest for the
                  | Orb.
     0 | D:1      | Reached XP level 1. HP: 18/18 MP: 3/3
     2 | D:1      | Noticed a felid
     4 | D:1      | Noticed a tengu
     4 | D:1      | Noticed a naga
     7 | D:1      | Noticed an elf
     7 | D:1      | Noticed an ogre
     9 | D:1      | Noticed an octopode
     9 | D:1      | Noticed a demonspawn
    11 | D:1      | Noticed a draconian
    11 | D:1      | Noticed a merfolk
    13 | D:1      | Noticed a minotaur
    15 | D:1      | Noticed a spriggan
    15 | D:1      | Noticed a vine stalker
    17 | D:1      | Noticed a troll
    17 | D:1      | Noticed a vampire
    19 | D:1      | Noticed a formicid
    21 | D:1      | Noticed a human
    21 | D:1      | Noticed a halfling
    23 | D:1      | Noticed a demigod
    23 | D:1      | Noticed a gargoyle
    25 | D:1      | Noticed a centaur
    27 | D:1      | Noticed a dwarf
    27 | D:1      | Noticed a ghoul
    56 | D:1      | You fall into a shaft and drop 1 floor!
   102 | D:2      | Succumbed to an adder's poison

Illustrated notes

Levels and vault maps discovered:
D:1:      kb_arrival_jail, layout_rooms
D:2:      layout_rooms, nicolae_gozag_cash_rules_everything_around_me,
          kennysheep_slug_shrine, minivault_4, uniq_crazy_yiuf_cottage

Action                   || total
-------------------------++-------
Melee: Unarmed           ||    12
 Cast: Beastly Appendage ||     3
 Abil: Spit Poison       ||     2
Armor: Robe              ||     6
Dodge: Dodged            ||    13

Table legend: (Time is in decaauts)
 A = Elapsed time spent in this place.
 B = Non-inter-level travel time spent in this place.
 C = Inter-level travel time spent in this place.
 D = Time resting spent in this place.
 E = Time spent auto-exploring this place.
 F = Levels seen in this place.
 G = Mean time per level.
                   A        B        C        D        E       F      G
               +--------+--------+--------+--------+--------+-----+--------+
         Total |    128 |    128 |      0 |      8 |     51 |   2 |   64.0 |
       Dungeon |    128 |    128 |      0 |      8 |     51 |   2 |   64.0 |
               +--------+--------+--------+--------+--------+-----+--------+

Top non-repeatable levels by time:
     D:1: 73 daAuts
     D:2: 54 daAuts
